 Dungeon Crawl Stone Soup version 0.31-a0-536-ga3e2962e35 (webtiles) character file.

Game seed: 8344343048220028740

49 BritishOli the Trooper (level 3, 0/29 HPs)
             Began as a Demonspawn Fighter on Aug 13, 2023.
             Killed from afar by Sigmund (8 damage)
             ... with a magic dart
             ... on level 2 of the Dungeon.
             The game lasted 00:00:39 (847 turns).

BritishOli the Trooper (Demonspawn Fighter)          Turns: 847, Time: 00:00:39

Health: 0/29       AC:  8    Str: 18    XL:     3   Next: 53%
Magic:  3/3        EV:  9    Int:  9    God:
Gold:   74         SH:  0    Dex: 12    Spells: 2/2 levels left

rFire   . . .        a - +0 war axe
rCold   . . .        c - +0 buckler
rNeg    . . .        b - +0 scale mail
rPois   .            (no helmet)
rElec   .            (no cloak)
rCorr   .            (no gloves)
SInv    .            (no boots)
Will    .....        (no amulet) Stlth
                     (no ring)
HPRegen 0.24/turn    (no ring)
MPRegen 0.08/turn

%: no passive effects
@: confused
A: hooves 1, slimy green scales 1
a: no special abilities


You were on level 2 of the Dungeon.
You visited 1 branch of the dungeon, and saw 2 of its levels.

You collected 74 gold pieces.

Inventory:

Hand Weapons
 a - a +0 war axe (weapon)
Armour
 b - a +0 scale mail (worn)
 c - a +0 buckler (worn)
Jewellery
 g - a ring of wizardry
Scrolls
 e - a scroll of amnesia {unknown}
 f - 2 scrolls of identify {unknown}
 k - a scroll of teleportation {unknown}
Potions
 d - a potion of might
 h - a potion of degeneration {unknown}
 i - a potion of brilliance {unknown}
 j - a potion of haste {unknown}
 l - a potion of lignification {unknown}
 m - 2 potions of attraction {unknown}
 n - a potion of magic {unknown}
 o - a potion of invisibility {unknown}


   Skills:
 + Level 3.4 Fighting
 + Level 2.3 Axes
 + Level 3.1 Armour
 + Level 3.1 Shields


You had 2 spell levels left.
You didn't know any spells.
Your spell library was empty.

Dungeon Overview and Level Annotations

Branches:
Dungeon (2/15)

Altars:

Annotations:
D:2 Sigmund


Innate Abilities, Weirdness & Mutations

You have large cloven feet.
You are partially covered in slimy green scales. (AC +2)


Message History

No target in view!
There is a strange disturbance nearby!
There is a strange disturbance nearby!
No target in view!
There is a strange disturbance nearby!
No target in view!
You hear some strange, mumbled words.
You are confused.
You bump into the rock wall.
You hear some strange, mumbled words.
A puff of flame appears from out of thin air!
The puff of flame hits you. Something hits you but does no damage.
You bump into the rock wall.
Something hits you.
You bump into the rock wall.
You hear some strange, mumbled words.
A magic dart appears from out of thin air!
The magic dart hits you.
You miss something.
You feel less confused.
You hear some strange, mumbled words.
You are confused.
Something hits you but does no damage.
You closely miss something.
You bump into the rock wall.
Something hits you.
You closely miss something. Your kick misses something. Something hits you.
You miss something. Your kick misses something.
You feel less confused. Something hits you but does no damage.
You closely miss something. Your kick misses something. Something hits you.
You hit something. Something hits you.
* * * LOW HITPOINT WARNING * * *
You closely miss something. You kick something.
You hear some strange, mumbled words.
You are confused.
You completely miss something. Your kick misses something.
You hear some strange, mumbled words.
A magic dart appears from out of thin air!
The magic dart hits you!
You die...

####..♣ ♣♣# #># ##.#....
.....♣♣ ♣♣.# #.# #<#....
####.♣ ♣..###.# #......
##..♣.♣♣♣♣♣♣......# #.##...
#.♣......†♣♣##..######.##.##
##....♣.♣..##..##........#
###.......##..##.###.####
#######.##..##.###.#
########## ###
#@##..#...##.# .........#
#....{##.......#.#
..######.#
#.######.........#
#.###.##.# #.# #.#.)...###
#.##...#.# #.#### #.##...##
#.#......###.##.###.###.##
.................##.# #.#
#.......#...........###.#
#..#..................#.#


There were no monsters in sight!

Vanquished Creatures
  2 worms (D:2)
  2 bats (D:2)
  4 endoplasms
  2 giant cockroaches (D:2)
  6 goblins
  5 hobgoblins (D:1)
  4 jackals (D:1)
  2 quokkas (D:2)
  7 ball pythons
  A frilled lizard (D:1)
  A kobold (D:1)
  A rat (D:2)
37 creatures vanquished.

Notes
Turn   | Place    | Note
-------+----------+-------------------------------------------
     0 | D:1      | BritishOli the Demonspawn Fighter began the quest for the
                  | Orb.
     0 | D:1      | Reached XP level 1. HP: 18/18 MP: 1/1
    88 | D:1      | Gained mutation: You are partially covered in slimy green
                  | scales. (AC +2) [demonic ancestry]
    88 | D:1      | Reached XP level 2. HP: 24/24 MP: 2/2
   308 | D:1      | Gained mutation: You have large cloven feet. [demonic
                  | ancestry]
   308 | D:1      | Reached XP level 3. HP: 29/29 MP: 3/3
   831 | D:2      | Noticed Sigmund
   847 | D:2      | Killed from afar by Sigmund

Illustrated notes

Levels and vault maps discovered:
D:1:      lemuel_arrival_behind_the_door_large, layout_rooms
D:2:      layout_loops_ring, chequers_ecumenical_altar_grove, kennysheep_donut,
          minmay_heptomino_l4, uniq_sigmund

Skill      XL: |  1  2 |
---------------+-------+-----
Axes           | 2 |  2.3
Shields        | 3 |  3.1
Armour         | 3 |  3.1
Fighting       | |  3.4

Action                     || total
---------------------------++-------
  Melee: War axe           ||    84
         Kick              ||    12
 Armour: Scale mail        ||    37
  Dodge: Dodged            ||    26
  Block: Buckler           ||    12

Table legend: (Time is in decaauts)
 A = Elapsed time spent in this place.
 B = Non-inter-level travel time spent in this place.
 C = Inter-level travel time spent in this place.
 D = Time resting spent in this place.
 E = Time spent auto-exploring this place.
 F = Levels seen in this place.
 G = Mean time per level.
                   A        B        C        D        E       F      G
               +--------+--------+--------+--------+--------+-----+--------+
         Total |    881 |    868 |     13 |      0 |    639 |   2 |  440.5 |
       Dungeon |    881 |    868 |     13 |      0 |    639 |   2 |  440.5 |
               +--------+--------+--------+--------+--------+-----+--------+

Top non-repeatable levels by time:
     D:2: 461 daAuts
     D:1: 420 daAuts
